[ AOE2 MATCH · #466874736 ]
UnrankedMalay vs Magyars
Player's team · LOSS
[ REPLAY ANALYSIS · EXTRACTED FROM THE RECORDED GAME ]
Feudal
9:29
Castle
25:54
Imperial
—
| APM avg | 39.7 |
| APM peak | 83 |
| eAPM avg | 24.0 |
| Villagers / military | 80 / 105 |
Focus
⚔️ 37.9% · 🌾 62.1%
Archer ×95 · Skirmisher ×8 · Monk ×1 · Spearman ×1
Feudal
10:03
Castle
23:20
Imperial
—
| APM avg | 29.5 |
| APM peak | 65 |
| eAPM avg | 14.8 |
| Villagers / military | 98 / 51 |
Focus
⚔️ 23.8% · 🌾 76.2%
Knight ×24 · Scout Cavalry ×24 · Battering Ram ×2 · Monk ×1
Feudal
10:51
Castle
16:07
Imperial
—
| APM avg | 25.9 |
| APM peak | 67 |
| eAPM avg | 14.1 |
| Villagers / military | 122 / 56 |
Focus
⚔️ 26.2% · 🌾 73.8%
Knight ×53 · Mangonel ×2 · Scorpion ×1
Feudal
10:01
Castle
23:52
Imperial
—
| APM avg | 51.6 |
| APM peak | 108 |
| eAPM avg | 21.8 |
| Villagers / military | 120 / 73 |
Focus
⚔️ 26.7% · 🌾 73.3%
Knight ×54 · Scout Cavalry ×10 · Monk ×5 · Spearman ×4
Feudal
9:56
Castle
30:08
Imperial
—
| APM avg | 35.9 |
| APM peak | 60 |
| eAPM avg | 17.4 |
| Villagers / military | 72 / 24 |
Focus
⚔️ 26.4% · 🌾 73.6%
Spearman ×10 · Skirmisher ×10 · Archer ×4
Feudal
10:11
Castle
21:12
Imperial
36:45
| APM avg | 35.0 |
| APM peak | 56 |
| eAPM avg | 13.3 |
| Villagers / military | 79 / 46 |
Focus
⚔️ 28.0% · 🌾 72.0%
Archer ×38 · Monk ×4 · Spearman ×4
Feudal
8:39
Castle
25:11
Imperial
—
| APM avg | 79.8 |
| APM peak | 138 |
| eAPM avg | 24.1 |
| Villagers / military | 76 / 70 |
Focus
⚔️ 23.9% · 🌾 76.1%
Archer ×42 · Mangudai ×23 · Monk ×5
Feudal
11:48
Castle
16:18
Imperial
—
| APM avg | 49.1 |
| APM peak | 99 |
| eAPM avg | 23.8 |
| Villagers / military | 116 / 47 |
Focus
⚔️ 21.5% · 🌾 78.5%
Knight ×39 · Scorpion ×8
Match map
Initial resources + every placement click. Lines = walls · curves = elevation contours. ◆ gold · ⬟ stone · ● berries · ✦ relic · ◌ wall gap
Inputs per minute
— HB | Cristian - - chenst2020
Build order — HB | Cristian
First 150 of 293 actions detected
| 0:00 | Create | Villager (Male) |
| 0:03 | Build | House |
| 0:06 | Build | House |
| 0:06 | Create | Villager (Male) |
| 0:07 | Create | Villager (Male) |
| 0:14 | Create | Villager (Male) |
| 0:14 | Create | Villager (Male) |
| 1:28 | Create | Villager (Male) |
| 1:28 | Create | Villager (Male) |
| 2:07 | Research | Loom |
| 2:13 | Create | Villager (Male) |
| 2:13 | Create | Villager (Male) |
| 2:14 | Create | Villager (Male) |
| 2:50 | Create | Villager (Male) |
| 2:51 | Create | Villager (Male) |
| 3:09 | Create | Villager (Male) |
| 3:25 | Build | Mill |
| 3:46 | Create | Villager (Male) |
| 4:11 | Create | Villager (Male) |
| 4:24 | Build | Lumber Camp |
| 4:58 | Create | Villager (Male) |
| 5:06 | Build | House |
| 5:20 | Create | Villager (Male) |
| 5:49 | Create | Villager (Male) |
| 6:16 | Create | Villager (Male) |
| 6:34 | Build | House |
| 6:41 | Create | Villager (Male) |
| 7:06 | Create | Villager (Male) |
| 7:33 | Create | Villager (Male) |
| 7:57 | Build | Palisade Wall |
| 8:04 | Build | Farm |
| 8:11 | Research | Feudal Age |
| 8:28 | Build | Mining Camp |
| 8:46 | Build | Barracks |
| 9:12 | Create | Villager (Male) |
| 9:29 | Age | Feudal Age |
| 9:46 | Build | Archery Range |
| 9:57 | Create | Villager (Male) |
| 10:01 | Create | Spearman |
| 10:10 | Create | Villager (Male) |
| 10:13 | Build | House |
| 10:17 | Build | Palisade Wall |
| 10:21 | Build | Palisade Wall |
| 10:27 | Create | Villager (Male) |
| 10:32 | Build | Palisade Wall |
| 10:33 | Build | Palisade Wall |
| 10:37 | Build | Palisade Wall |
| 10:38 | Build | Palisade Wall |
| 10:45 | Create | Villager (Male) |
| 10:45 | Create | Archer |
| 10:46 | Create | Archer |
| 10:59 | Build | Farm |
| 11:04 | Build | Farm |
| 11:19 | Create | Archer |
| 11:19 | Create | Archer |
| 11:30 | Build | Farm |
| 11:33 | Build | Farm |
| 11:48 | Create | Villager (Male) |
| 11:49 | Build | Farm |
| 12:10 | Build | House |
| 12:14 | Create | Villager (Male) |
| 12:25 | Create | Skirmisher |
| 12:33 | Build | Palisade Wall |
| 12:35 | Build | Palisade Wall |
| 12:41 | Build | Palisade Wall |
| 12:43 | Build | Palisade Wall |
| 12:44 | Build | Palisade Wall |
| 12:46 | Create | Archer |
| 13:04 | Build | Palisade Wall |
| 13:05 | Build | Palisade Wall |
| 13:25 | Create | Villager (Male) |
| 13:30 | Build | Palisade Wall |
| 13:33 | Create | Skirmisher |
| 13:34 | Create | Skirmisher |
| 13:38 | Build | House |
| 13:48 | Create | Villager (Male) |
| 13:48 | Create | Skirmisher |
| 13:54 | Build | Palisade Wall |
| 13:56 | Build | House |
| 13:58 | Build | Farm |
| 14:17 | Build | House |
| 14:18 | Build | Palisade Wall |
| 14:19 | Build | Palisade Wall |
| 14:21 | Build | Palisade Wall |
| 14:33 | Build | Farm |
| 14:34 | Build | Farm |
| 14:37 | Create | Villager (Male) |
| 14:53 | Create | Villager (Male) |
| 15:06 | Build | Palisade Wall |
| 15:08 | Build | Palisade Wall |
| 15:10 | Build | Palisade Wall |
| 15:11 | Build | Palisade Wall |
| 15:23 | Create | Villager (Male) |
| 15:35 | Build | Blacksmith |
| 15:39 | Build | House |
| 15:46 | Build | Palisade Wall |
| 15:53 | Build | Farm |
| 15:55 | Create | Villager (Male) |
| 15:56 | Build | Farm |
| 15:57 | Build | Farm |
| 16:21 | Create | Villager (Male) |
| 16:24 | Build | Farm |
| 16:24 | Build | Farm |
| 16:28 | Build | Farm |
| 16:43 | Build | Palisade Wall |
| 16:47 | Build | Farm |
| 16:56 | Research | Fletching |
| 17:07 | Build | Farm |
| 17:08 | Create | Villager (Male) |
| 17:12 | Build | Palisade Wall |
| 17:21 | Create | Archer |
| 17:21 | Create | Archer |
| 17:21 | Create | Archer |
| 17:29 | Create | Archer |
| 17:29 | Create | Archer |
| 17:35 | Create | Archer |
| 17:35 | Create | Archer |
| 17:36 | Create | Archer |
| 17:41 | Create | Villager (Male) |
| 17:42 | Build | Farm |
| 18:03 | Build | Archery Range |
| 18:20 | Create | Villager (Male) |
| 18:28 | Create | Villager (Male) |
| 18:30 | Create | Archer |
| 18:30 | Create | Archer |
| 18:37 | Create | Villager (Male) |
| 18:44 | Research | Padded Archer Armor |
| 18:48 | Create | Villager (Male) |
| 19:16 | Create | Skirmisher |
| 19:16 | Create | Skirmisher |
| 19:22 | Create | Skirmisher |
| 19:22 | Create | Skirmisher |
| 19:32 | Create | Villager (Male) |
| 19:44 | Create | Villager (Male) |
| 19:54 | Create | Villager (Male) |
| 19:56 | Build | Farm |
| 19:57 | Create | Villager (Male) |
| 20:08 | Build | House |
| 20:12 | Research | Double-Bit Axe |
| 20:43 | Research | Gold Mining |
| 20:53 | Create | Archer |
| 20:54 | Create | Archer |
| 20:54 | Create | Archer |
| 20:59 | Create | Villager (Male) |
| 21:47 | Create | Villager (Male) |
| 22:01 | Build | Lumber Camp |
| 22:23 | Create | Archer |
| 22:23 | Create | Archer |
| 22:32 | Create | Villager (Male) |
| 22:42 | Build | Market |
Build order — chenst2020
First 150 of 284 actions detected
| 0:03 | Create | Villager (Male) |
| 0:04 | Create | Villager (Male) |
| 0:04 | Create | Villager (Male) |
| 0:04 | Create | Villager (Male) |
| 0:06 | Build | House |
| 0:08 | Build | House |
| 1:32 | Create | Villager (Male) |
| 1:32 | Create | Villager (Male) |
| 1:51 | Build | Lumber Camp |
| 2:03 | Create | Villager (Male) |
| 2:03 | Create | Villager (Male) |
| 2:33 | Create | Villager (Male) |
| 2:33 | Create | Villager (Male) |
| 2:56 | Create | Villager (Male) |
| 2:56 | Create | Villager (Male) |
| 3:19 | Create | Villager (Male) |
| 3:29 | Build | House |
| 3:46 | Create | Villager (Male) |
| 3:46 | Create | Villager (Male) |
| 4:04 | Build | Mill |
| 4:13 | Create | Villager (Male) |
| 4:31 | Create | Villager (Male) |
| 4:31 | Create | Villager (Male) |
| 5:02 | Create | Villager (Male) |
| 5:26 | Create | Villager (Male) |
| 5:37 | Build | House |
| 5:51 | Create | Villager (Male) |
| 6:17 | Create | Villager (Male) |
| 6:18 | Research | Loom |
| 7:16 | Build | Barracks |
| 7:19 | Create | Villager (Male) |
| 7:53 | Research | Feudal Age |
| 8:40 | Build | Palisade Wall |
| 8:45 | Build | Palisade Wall |
| 8:48 | Create | Villager (Male) |
| 9:12 | Build | Palisade Wall |
| 9:20 | Build | Palisade Wall |
| 9:34 | Build | House |
| 9:54 | Build | Palisade Wall |
| 9:57 | Build | Palisade Wall |
| 10:01 | Build | Palisade Wall |
| 10:03 | Age | Feudal Age |
| 10:05 | Build | Palisade Gate |
| 10:09 | Build | Palisade Wall |
| 10:18 | Build | Stable |
| 10:23 | Create | Villager (Male) |
| 10:48 | Create | Villager (Male) |
| 11:00 | Create | Scout Cavalry |
| 11:00 | Create | Scout Cavalry |
| 11:08 | Research | Double-Bit Axe |
| 11:28 | Build | Building 804 |
| 11:30 | Build | House |
| 11:35 | Build | Palisade Wall |
| 11:37 | Create | Villager (Male) |
| 11:37 | Create | Villager (Male) |
| 11:43 | Build | Farm |
| 11:49 | Build | Farm |
| 11:50 | Build | Farm |
| 11:54 | Create | Scout Cavalry |
| 12:21 | Create | Villager (Male) |
| 12:25 | Build | Farm |
| 12:26 | Build | Farm |
| 12:30 | Create | Scout Cavalry |
| 12:31 | Create | Scout Cavalry |
| 12:41 | Build | Farm |
| 12:44 | Build | Farm |
| 12:47 | Create | Villager (Male) |
| 13:03 | Create | Villager (Male) |
| 13:43 | Create | Scout Cavalry |
| 13:43 | Create | Scout Cavalry |
| 13:44 | Create | Villager (Male) |
| 13:44 | Create | Villager (Male) |
| 13:48 | Build | Farm |
| 13:49 | Build | Farm |
| 13:58 | Create | Villager (Male) |
| 14:02 | Build | House |
| 14:04 | Build | House |
| 14:21 | Create | Scout Cavalry |
| 14:21 | Create | Scout Cavalry |
| 14:33 | Create | Villager (Male) |
| 14:40 | Build | Farm |
| 14:42 | Build | Farm |
| 14:45 | Build | House |
| 14:48 | Build | House |
| 15:08 | Create | Villager (Male) |
| 15:13 | Build | Farm |
| 15:44 | Create | Villager (Male) |
| 15:47 | Research | Horse Collar |
| 15:50 | Build | Farm |
| 15:51 | Build | Farm |
| 15:56 | Build | Blacksmith |
| 16:07 | Create | Villager (Male) |
| 16:10 | Build | Farm |
| 16:12 | Build | Farm |
| 16:13 | Build | Farm |
| 16:53 | Create | Villager (Male) |
| 16:53 | Create | Villager (Male) |
| 17:02 | Build | Farm |
| 17:04 | Build | Farm |
| 17:08 | Build | Mining Camp |
| 17:09 | Create | Villager (Male) |
| 18:03 | Create | Villager (Male) |
| 18:03 | Create | Villager (Male) |
| 18:09 | Research | Scale Barding Armor |
| 18:18 | Build | House |
| 18:19 | Build | House |
| 18:20 | Build | House |
| 18:23 | Build | Farm |
| 18:25 | Build | Farm |
| 18:26 | Build | Farm |
| 18:28 | Build | Farm |
| 19:25 | Create | Villager (Male) |
| 19:25 | Create | Villager (Male) |
| 19:32 | Build | Farm |
| 19:33 | Build | Farm |
| 19:35 | Build | Farm |
| 19:38 | Create | Villager (Male) |
| 19:43 | Create | Scout Cavalry |
| 19:43 | Create | Scout Cavalry |
| 20:33 | Research | Castle Age |
| 20:39 | Build | House |
| 20:47 | Build | Lumber Camp |
| 21:07 | Build | Mill |
| 21:18 | Create | Scout Cavalry |
| 21:18 | Create | Scout Cavalry |
| 21:51 | Create | Scout Cavalry |
| 21:52 | Create | Scout Cavalry |
| 22:01 | Build | Stable |
| 22:03 | Build | House |
| 22:17 | Create | Scout Cavalry |
| 22:17 | Create | Scout Cavalry |
| 22:19 | Build | House |
| 22:58 | Research | Bloodlines |
| 22:59 | Create | Scout Cavalry |
| 22:59 | Create | Scout Cavalry |
| 22:59 | Create | Scout Cavalry |
| 23:04 | Create | Scout Cavalry |
| 23:20 | Age | Castle Age |
| 23:24 | Research | Light Cavalry (upgrade) |
| 23:25 | Research | Husbandry |
| 23:26 | Research | Chain Barding Armor |
| 23:28 | Create | Villager (Male) |
| 23:28 | Create | Villager (Male) |
| 23:30 | Research | Gold Mining |
| 24:13 | Create | Villager (Male) |
| 24:20 | Build | House |
| 24:22 | Build | House |
| 24:42 | Create | Knight |
| 24:42 | Create | Knight |
| 24:44 | Create | Villager (Male) |
Build order — Nauta
First 150 of 277 actions detected
| 0:01 | Create | Villager (Male) |
| 0:02 | Create | Villager (Male) |
| 0:02 | Create | Villager (Male) |
| 0:02 | Create | Villager (Male) |
| 0:03 | Build | House |
| 0:04 | Build | House |
| 0:22 | Create | Villager (Male) |
| 1:22 | Create | Villager (Male) |
| 1:22 | Create | Villager (Male) |
| 1:53 | Create | Villager (Male) |
| 1:53 | Create | Villager (Male) |
| 2:10 | Build | Lumber Camp |
| 2:33 | Create | Villager (Male) |
| 2:34 | Create | Villager (Male) |
| 2:34 | Create | Villager (Male) |
| 3:01 | Build | House |
| 3:02 | Build | House |
| 3:08 | Create | Villager (Male) |
| 3:08 | Create | Villager (Male) |
| 3:50 | Create | Villager (Male) |
| 3:51 | Create | Villager (Male) |
| 3:51 | Create | Villager (Male) |
| 3:57 | Build | Mill |
| 4:26 | Create | Villager (Male) |
| 4:26 | Create | Villager (Male) |
| 5:01 | Create | Villager (Male) |
| 5:01 | Create | Villager (Male) |
| 5:06 | Build | Mill |
| 5:21 | Create | Villager (Male) |
| 5:21 | Create | Villager (Male) |
| 5:45 | Create | Villager (Male) |
| 5:46 | Create | Villager (Male) |
| 5:46 | Create | Villager (Male) |
| 5:47 | Create | Villager (Male) |
| 6:02 | Create | Villager (Male) |
| 6:02 | Create | Villager (Male) |
| 6:23 | Create | Villager (Male) |
| 6:27 | Build | Farm |
| 6:37 | Create | Villager (Male) |
| 6:52 | Build | Farm |
| 6:55 | Create | Villager (Male) |
| 7:07 | Create | Villager (Male) |
| 7:14 | Build | Farm |
| 7:32 | Build | Farm |
| 8:00 | Create | Villager (Male) |
| 8:04 | Research | Loom |
| 8:27 | Build | Mining Camp |
| 8:33 | Research | Feudal Age |
| 8:45 | Create | Villager (Male) |
| 9:04 | Build | House |
| 9:06 | Build | House |
| 9:09 | Create | Villager (Male) |
| 10:03 | Create | Villager (Male) |
| 10:35 | Create | Villager (Male) |
| 10:51 | Age | Feudal Age |
| 10:54 | Build | Barracks |
| 11:00 | Create | Villager (Male) |
| 11:12 | Create | Villager (Male) |
| 11:16 | Build | Farm |
| 11:47 | Build | Stable |
| 11:49 | Create | Villager (Male) |
| 11:50 | Create | Villager (Male) |
| 12:15 | Create | Villager (Male) |
| 12:18 | Build | Farm |
| 12:22 | Build | Farm |
| 12:59 | Build | Blacksmith |
| 13:01 | Create | Villager (Male) |
| 13:42 | Research | Castle Age |
| 13:46 | Build | Palisade Wall |
| 13:53 | Research | Double-Bit Axe |
| 14:04 | Research | Horse Collar |
| 14:20 | Build | Farm |
| 14:39 | Build | Farm |
| 14:45 | Research | Bloodlines |
| 14:56 | Build | Farm |
| 15:20 | Build | Farm |
| 15:56 | Build | Watch Tower |
| 16:03 | Research | Scale Barding Armor |
| 16:07 | Age | Castle Age |
| 16:11 | Create | Knight |
| 16:11 | Create | Knight |
| 16:53 | Build | House |
| 16:55 | Build | House |
| 16:59 | Build | House |
| 17:12 | Create | Knight |
| 17:12 | Create | Knight |
| 17:13 | Create | Knight |
| 17:52 | Build | House |
| 17:55 | Build | House |
| 17:56 | Build | House |
| 18:25 | Create | Villager (Male) |
| 18:25 | Create | Villager (Male) |
| 18:26 | Create | Villager (Male) |
| 18:35 | Create | Villager (Male) |
| 18:35 | Create | Villager (Male) |
| 18:36 | Create | Villager (Male) |
| 18:51 | Create | Villager (Male) |
| 18:51 | Create | Villager (Male) |
| 19:42 | Create | Villager (Male) |
| 19:42 | Create | Villager (Male) |
| 19:43 | Create | Villager (Male) |
| 19:46 | Build | Farm |
| 20:11 | Create | Knight |
| 20:11 | Create | Knight |
| 20:17 | Create | Villager (Male) |
| 20:17 | Create | Villager (Male) |
| 20:17 | Create | Villager (Male) |
| 20:22 | Create | Villager (Male) |
| 20:22 | Create | Villager (Male) |
| 20:29 | Build | Town Center |
| 20:37 | Create | Knight |
| 20:49 | Create | Villager (Male) |
| 20:49 | Create | Villager (Male) |
| 21:03 | Research | Forging |
| 21:11 | Create | Knight |
| 21:14 | Create | Villager (Male) |
| 21:14 | Create | Villager (Male) |
| 21:19 | Build | Farm |
| 21:52 | Create | Knight |
| 21:53 | Create | Knight |
| 21:56 | Create | Villager (Male) |
| 21:56 | Create | Villager (Male) |
| 22:33 | Research | Husbandry |
| 22:40 | Create | Knight |
| 22:42 | Create | Villager (Male) |
| 22:43 | Create | Villager (Male) |
| 22:54 | Build | Market |
| 22:56 | Create | Villager (Male) |
| 22:56 | Create | Villager (Male) |
| 22:57 | Build | Farm |
| 23:05 | Create | Knight |
| 23:20 | Create | Villager (Male) |
| 23:20 | Create | Villager (Male) |
| 23:54 | Create | Knight |
| 23:54 | Create | Knight |
| 23:54 | Create | Knight |
| 24:05 | Build | House |
| 24:07 | Build | House |
| 24:09 | Build | House |
| 24:12 | Build | Palisade Wall |
| 24:52 | Create | Knight |
| 24:52 | Create | Knight |
| 24:52 | Create | Knight |
| 25:06 | Create | Villager (Male) |
| 25:06 | Create | Villager (Male) |
| 25:07 | Create | Villager (Male) |
| 25:20 | Build | Siege Workshop |
| 25:27 | Create | Knight |
| 25:27 | Create | Knight |
| 25:27 | Create | Knight |
Build order — Leo713
First 150 of 333 actions detected
| 0:01 | Create | Villager (Male) |
| 0:01 | Create | Villager (Male) |
| 0:01 | Create | Villager (Male) |
| 0:02 | Build | House |
| 0:04 | Build | House |
| 0:06 | Create | Villager (Male) |
| 0:06 | Create | Villager (Male) |
| 0:07 | Create | Villager (Male) |
| 1:24 | Create | Villager (Male) |
| 1:55 | Create | Villager (Male) |
| 1:55 | Create | Villager (Male) |
| 2:13 | Build | Lumber Camp |
| 2:34 | Create | Villager (Male) |
| 2:34 | Create | Villager (Male) |
| 3:08 | Create | Villager (Male) |
| 3:20 | Build | Mill |
| 3:32 | Build | House |
| 3:55 | Create | Villager (Male) |
| 3:55 | Create | Villager (Male) |
| 4:02 | Build | House |
| 4:17 | Create | Villager (Male) |
| 4:40 | Create | Villager (Male) |
| 4:40 | Create | Villager (Male) |
| 4:47 | Create | Villager (Male) |
| 4:47 | Create | Villager (Male) |
| 5:00 | Create | Villager (Male) |
| 5:01 | Create | Villager (Male) |
| 5:13 | Build | House |
| 5:34 | Create | Villager (Male) |
| 5:38 | Create | Villager (Male) |
| 6:30 | Build | Mill |
| 6:41 | Research | Loom |
| 7:08 | Create | Villager (Male) |
| 7:15 | Create | Villager (Male) |
| 7:38 | Create | Villager (Male) |
| 7:55 | Research | Feudal Age |
| 8:29 | Build | House |
| 8:37 | Create | Villager (Male) |
| 8:46 | Build | Barracks |
| 10:01 | Age | Feudal Age |
| 10:03 | Build | Stable |
| 10:04 | Research | Double-Bit Axe |
| 10:04 | Research | Double-Bit Axe |
| 10:12 | Create | Villager (Male) |
| 10:29 | Create | Villager (Male) |
| 10:44 | Build | Farm |
| 10:45 | Build | Farm |
| 10:50 | Create | Scout Cavalry |
| 10:50 | Create | Scout Cavalry |
| 10:52 | Create | Villager (Male) |
| 10:55 | Build | House |
| 11:05 | Create | Scout Cavalry |
| 11:16 | Create | Villager (Male) |
| 11:18 | Build | Farm |
| 11:19 | Build | Farm |
| 11:31 | Create | Scout Cavalry |
| 11:33 | Build | House |
| 11:37 | Create | Villager (Male) |
| 11:38 | Build | Farm |
| 11:46 | Create | Villager (Male) |
| 12:01 | Create | Villager (Male) |
| 12:08 | Build | House |
| 12:29 | Build | Blacksmith |
| 12:30 | Create | Villager (Male) |
| 12:34 | Create | Scout Cavalry |
| 12:43 | Create | Villager (Male) |
| 12:47 | Build | Farm |
| 12:47 | Build | Farm |
| 12:58 | Create | Scout Cavalry |
| 13:08 | Create | Villager (Male) |
| 13:26 | Create | Scout Cavalry |
| 13:36 | Build | House |
| 13:37 | Create | Villager (Male) |
| 13:46 | Create | Villager (Male) |
| 13:51 | Research | Horse Collar |
| 14:17 | Create | Villager (Male) |
| 14:20 | Build | House |
| 14:23 | Research | Scale Barding Armor |
| 14:35 | Create | Villager (Male) |
| 14:41 | Create | Villager (Male) |
| 14:43 | Build | Farm |
| 14:43 | Build | Farm |
| 15:11 | Create | Villager (Male) |
| 15:12 | Build | Farm |
| 15:13 | Build | Farm |
| 15:25 | Research | Forging |
| 15:28 | Create | Villager (Male) |
| 15:30 | Build | House |
| 15:42 | Build | Lumber Camp |
| 15:46 | Create | Villager (Male) |
| 15:56 | Build | Farm |
| 15:56 | Build | Farm |
| 15:56 | Build | Farm |
| 16:00 | Create | Spearman |
| 16:07 | Create | Villager (Male) |
| 16:22 | Create | Villager (Male) |
| 16:55 | Create | Villager (Male) |
| 17:11 | Create | Scout Cavalry |
| 17:33 | Build | Farm |
| 17:33 | Build | Farm |
| 17:33 | Build | Farm |
| 17:35 | Create | Villager (Male) |
| 17:59 | Build | Farm |
| 18:00 | Build | Farm |
| 18:02 | Create | Villager (Male) |
| 18:24 | Create | Villager (Male) |
| 18:26 | Build | Farm |
| 18:43 | Build | Market |
| 18:46 | Create | Villager (Male) |
| 18:50 | Build | Farm |
| 18:51 | Build | Farm |
| 18:51 | Build | Farm |
| 18:52 | Create | Villager (Male) |
| 19:00 | Build | Stable |
| 19:08 | Create | Scout Cavalry |
| 19:08 | Create | Scout Cavalry |
| 19:11 | Create | Villager (Male) |
| 19:14 | Build | Mining Camp |
| 19:21 | Create | Villager (Male) |
| 19:24 | Build | Farm |
| 19:27 | Research | Wheelbarrow |
| 19:27 | Research | Wheelbarrow |
| 19:53 | Create | Spearman |
| 19:53 | Create | Spearman |
| 20:06 | Create | Villager (Male) |
| 20:24 | Create | Villager (Male) |
| 20:32 | Build | House |
| 20:34 | Build | House |
| 20:36 | Build | House |
| 20:50 | Build | House |
| 20:53 | Build | Palisade Wall |
| 20:55 | Build | House |
| 20:56 | Build | Palisade Wall |
| 20:59 | Build | Building 800 |
| 21:16 | Research | Castle Age |
| 21:17 | Research | Castle Age |
| 21:28 | Build | House |
| 21:30 | Build | House |
| 21:36 | Research | Gold Mining |
| 21:36 | Research | Gold Mining |
| 22:02 | Research | Bloodlines |
| 22:02 | Research | Bloodlines |
| 22:43 | Build | Stable |
| 23:03 | Build | House |
| 23:06 | Create | Villager (Male) |
| 23:13 | Research | Scale Mail Armor |
| 23:13 | Research | Scale Mail Armor |
| 23:20 | Create | Spearman |
| 23:34 | Build | House |
| 23:36 | Build | House |
Build order — HB | EstebanAOE
First 150 of 196 actions detected
| 0:02 | Create | Villager (Male) |
| 0:02 | Create | Villager (Male) |
| 0:03 | Build | House |
| 0:04 | Build | House |
| 0:28 | Create | Villager (Male) |
| 0:39 | Create | Villager (Male) |
| 1:21 | Build | Lumber Camp |
| 1:23 | Create | Villager (Male) |
| 1:48 | Create | Villager (Male) |
| 2:12 | Create | Villager (Male) |
| 2:54 | Create | Villager (Male) |
| 3:00 | Build | House |
| 3:18 | Create | Villager (Male) |
| 3:22 | Build | House |
| 3:41 | Create | Villager (Male) |
| 3:44 | Build | Mill |
| 4:05 | Create | Villager (Male) |
| 4:09 | Research | Loom |
| 4:16 | Create | Villager (Male) |
| 4:49 | Create | Villager (Male) |
| 5:14 | Create | Villager (Male) |
| 5:30 | Create | Villager (Male) |
| 6:11 | Create | Villager (Male) |
| 6:31 | Create | Villager (Male) |
| 7:04 | Create | Villager (Male) |
| 7:46 | Research | Feudal Age |
| 7:46 | Research | Feudal Age |
| 7:51 | Build | Mining Camp |
| 8:17 | Build | Barracks |
| 8:29 | Build | Palisade Wall |
| 8:49 | Create | Villager (Male) |
| 9:04 | Build | Palisade Wall |
| 9:16 | Build | House |
| 9:38 | Build | Palisade Wall |
| 9:56 | Age | Feudal Age |
| 10:05 | Build | Archery Range |
| 10:07 | Research | Double-Bit Axe |
| 10:13 | Build | House |
| 10:14 | Build | Palisade Wall |
| 10:14 | Build | Palisade Wall |
| 10:17 | Create | Villager (Male) |
| 10:42 | Create | Villager (Male) |
| 10:45 | Build | Farm |
| 10:48 | Build | Farm |
| 10:54 | Create | Villager (Male) |
| 10:56 | Create | Archer |
| 11:00 | Create | Spearman |
| 11:07 | Build | Palisade Wall |
| 11:12 | Build | Palisade Wall |
| 11:16 | Create | Villager (Male) |
| 11:28 | Create | Archer |
| 11:41 | Build | Palisade Wall |
| 11:44 | Create | Villager (Male) |
| 11:46 | Create | Archer |
| 12:04 | Build | Farm |
| 12:21 | Create | Skirmisher |
| 12:28 | Build | House |
| 12:32 | Create | Villager (Male) |
| 12:43 | Build | Palisade Gate |
| 12:45 | Create | Villager (Male) |
| 12:56 | Create | Skirmisher |
| 12:58 | Create | Villager (Male) |
| 13:03 | Build | House |
| 13:05 | Build | Palisade Wall |
| 13:14 | Build | Palisade Wall |
| 13:15 | Build | House |
| 13:20 | Create | Archer |
| 13:42 | Create | Spearman |
| 13:52 | Create | Villager (Male) |
| 13:54 | Build | House |
| 14:05 | Create | Skirmisher |
| 14:17 | Create | Skirmisher |
| 14:18 | Create | Villager (Male) |
| 14:21 | Build | Blacksmith |
| 14:36 | Create | Spearman |
| 14:56 | Create | Villager (Male) |
| 14:58 | Research | Fletching |
| 15:03 | Build | Lumber Camp |
| 15:17 | Create | Skirmisher |
| 15:30 | Build | Palisade Wall |
| 15:39 | Create | Villager (Male) |
| 15:54 | Create | Villager (Male) |
| 16:10 | Build | Market |
| 16:14 | Create | Villager (Male) |
| 16:26 | Build | House |
| 16:28 | Create | Villager (Male) |
| 16:31 | Build | Palisade Wall |
| 16:33 | Create | Spearman |
| 16:46 | Build | Building 804 |
| 17:01 | Build | House |
| 17:07 | Create | Villager (Male) |
| 17:20 | Build | House |
| 17:21 | Build | House |
| 17:26 | Build | House |
| 17:37 | Build | House |
| 17:43 | Build | Lumber Camp |
| 17:50 | Build | House |
| 17:55 | Build | House |
| 17:57 | Build | House |
| 18:14 | Build | House |
| 18:17 | Create | Villager (Male) |
| 18:39 | Create | Skirmisher |
| 19:08 | Build | House |
| 19:20 | Create | Villager (Male) |
| 19:30 | Build | Watch Tower |
| 19:36 | Create | Spearman |
| 19:56 | Create | Villager (Male) |
| 20:20 | Create | Villager (Male) |
| 20:34 | Create | Villager (Male) |
| 20:39 | Build | Farm |
| 20:42 | Build | Farm |
| 21:06 | Create | Villager (Male) |
| 21:21 | Build | Farm |
| 21:30 | Build | Farm |
| 21:38 | Create | Villager (Male) |
| 21:50 | Create | Villager (Male) |
| 21:56 | Build | Farm |
| 21:59 | Build | Farm |
| 22:00 | Research | Horse Collar |
| 22:09 | Create | Villager (Male) |
| 22:28 | Create | Skirmisher |
| 22:30 | Create | Villager (Male) |
| 23:03 | Create | Villager (Male) |
| 23:29 | Create | Spearman |
| 23:31 | Create | Villager (Male) |
| 23:32 | Build | Farm |
| 23:37 | Build | Farm |
| 23:39 | Build | Farm |
| 23:51 | Build | Palisade Wall |
| 23:54 | Build | House |
| 24:09 | Create | Spearman |
| 24:20 | Create | Villager (Male) |
| 24:27 | Create | Spearman |
| 24:36 | Build | Farm |
| 24:44 | Create | Villager (Male) |
| 24:45 | Create | Spearman |
| 24:49 | Build | Palisade Wall |
| 25:02 | Create | Villager (Male) |
| 25:05 | Build | Farm |
| 25:06 | Build | Farm |
| 25:08 | Build | Palisade Wall |
| 25:11 | Build | Farm |
| 25:19 | Create | Spearman |
| 25:21 | Create | Skirmisher |
| 25:41 | Build | Palisade Wall |
| 25:44 | Build | Farm |
| 25:44 | Build | Farm |
| 25:48 | Create | Villager (Male) |
| 26:13 | Create | Villager (Male) |
| 26:33 | Build | Farm |
Build order — Malamadre
First 150 of 242 actions detected
| 0:01 | Create | Villager (Male) |
| 0:03 | Build | House |
| 0:05 | Build | House |
| 0:06 | Create | Villager (Male) |
| 0:09 | Create | Villager (Male) |
| 0:16 | Create | Villager (Male) |
| 0:16 | Create | Villager (Male) |
| 0:19 | Create | Villager (Male) |
| 1:25 | Create | Villager (Male) |
| 1:50 | Build | Lumber Camp |
| 2:00 | Create | Villager (Male) |
| 2:19 | Build | House |
| 2:37 | Create | Villager (Male) |
| 2:44 | Create | Villager (Male) |
| 3:28 | Create | Villager (Male) |
| 3:56 | Create | Villager (Male) |
| 4:04 | Build | Mill |
| 4:11 | Create | Villager (Male) |
| 4:35 | Build | House |
| 4:46 | Create | Villager (Male) |
| 4:57 | Create | Villager (Male) |
| 5:48 | Create | Villager (Male) |
| 6:18 | Create | Villager (Male) |
| 6:40 | Build | House |
| 6:56 | Research | Loom |
| 7:32 | Create | Villager (Male) |
| 7:47 | Build | Barracks |
| 8:01 | Research | Feudal Age |
| 8:51 | Build | Mining Camp |
| 10:02 | Create | Villager (Male) |
| 10:11 | Age | Feudal Age |
| 10:17 | Build | Archery Range |
| 10:18 | Create | Villager (Male) |
| 10:23 | Research | Double-Bit Axe |
| 10:39 | Build | Blacksmith |
| 10:40 | Create | Villager (Male) |
| 10:52 | Build | Palisade Wall |
| 11:01 | Create | Archer |
| 11:05 | Build | Archery Range |
| 11:08 | Create | Villager (Male) |
| 11:26 | Build | Farm |
| 11:35 | Create | Archer |
| 11:37 | Research | Fletching |
| 11:43 | Create | Villager (Male) |
| 11:48 | Create | Archer |
| 12:05 | Build | House |
| 12:05 | Create | Villager (Male) |
| 12:06 | Create | Archer |
| 12:19 | Create | Archer |
| 12:23 | Create | Villager (Male) |
| 12:29 | Build | Farm |
| 12:30 | Build | Farm |
| 12:31 | Create | Villager (Male) |
| 12:41 | Create | Villager (Male) |
| 12:59 | Create | Archer |
| 13:01 | Build | Farm |
| 13:04 | Build | Mill |
| 13:07 | Build | House |
| 13:41 | Create | Archer |
| 13:47 | Create | Archer |
| 13:47 | Create | Archer |
| 13:49 | Create | Villager (Male) |
| 14:08 | Create | Villager (Male) |
| 14:09 | Create | Archer |
| 14:21 | Build | Farm |
| 14:23 | Build | House |
| 14:25 | Create | Archer |
| 14:38 | Create | Villager (Male) |
| 14:47 | Create | Archer |
| 14:53 | Build | House |
| 14:57 | Build | House |
| 15:11 | Create | Villager (Male) |
| 15:27 | Create | Villager (Male) |
| 15:50 | Create | Villager (Male) |
| 15:56 | Create | Archer |
| 15:56 | Create | Archer |
| 16:02 | Create | Villager (Male) |
| 16:04 | Build | House |
| 16:07 | Build | House |
| 16:10 | Create | Archer |
| 16:25 | Create | Villager (Male) |
| 16:30 | Create | Villager (Male) |
| 16:35 | Create | Archer |
| 16:35 | Create | Archer |
| 16:40 | Build | House |
| 16:55 | Build | Farm |
| 17:02 | Build | Farm |
| 17:02 | Build | Farm |
| 17:03 | Build | Farm |
| 17:14 | Create | Archer |
| 17:14 | Create | Archer |
| 17:19 | Create | Villager (Male) |
| 17:36 | Build | House |
| 17:38 | Create | Spearman |
| 17:39 | Create | Spearman |
| 18:32 | Research | Castle Age |
| 18:36 | Build | House |
| 19:00 | Create | Archer |
| 19:01 | Create | Archer |
| 19:11 | Research | Padded Archer Armor |
| 19:14 | Create | Spearman |
| 19:14 | Create | Spearman |
| 19:19 | Research | Horse Collar |
| 19:31 | Create | Archer |
| 19:32 | Create | Archer |
| 19:34 | Create | Villager (Male) |
| 20:07 | Build | House |
| 21:12 | Age | Castle Age |
| 21:15 | Research | Bodkin Arrow |
| 21:17 | Create | Villager (Male) |
| 21:20 | Build | University |
| 21:21 | Research | Crossbowman (upgrade) |
| 21:26 | Research | Bow Saw |
| 21:33 | Build | Lumber Camp |
| 22:03 | Create | Villager (Male) |
| 22:13 | Build | House |
| 22:18 | Build | House |
| 22:30 | Create | Villager (Male) |
| 22:31 | Create | Villager (Male) |
| 22:49 | Research | Ballistics |
| 22:51 | Create | Villager (Male) |
| 22:53 | Create | Archer |
| 23:34 | Create | Villager (Male) |
| 23:36 | Build | Farm |
| 23:37 | Build | Farm |
| 23:39 | Build | Farm |
| 23:47 | Build | Monastery |
| 23:52 | Create | Villager (Male) |
| 24:11 | Create | Villager (Male) |
| 24:36 | Create | Villager (Male) |
| 24:46 | Build | Farm |
| 24:47 | Build | Farm |
| 24:48 | Build | Farm |
| 24:52 | Create | Villager (Male) |
| 24:56 | Create | Archer |
| 24:57 | Create | Archer |
| 24:57 | Create | Archer |
| 24:58 | Create | Archer |
| 24:58 | Create | Archer |
| 25:14 | Create | Villager (Male) |
| 25:26 | Build | Mining Camp |
| 25:38 | Create | Archer |
| 25:38 | Create | Archer |
| 25:39 | Create | Archer |
| 25:41 | Create | Monk |
| 25:41 | Create | Monk |
| 25:45 | Build | House |
| 25:48 | Create | Villager (Male) |
| 26:02 | Create | Archer |
| 26:03 | Create | Archer |
Build order — 温柔的野猪
First 150 of 241 actions detected
| 0:03 | Create | Villager (Male) |
| 0:03 | Create | Villager (Male) |
| 0:04 | Create | Villager (Male) |
| 0:04 | Build | House |
| 0:05 | Build | House |
| 0:28 | Create | Villager (Male) |
| 1:32 | Create | Villager (Male) |
| 1:32 | Create | Villager (Male) |
| 1:32 | Create | Villager (Male) |
| 2:00 | Create | Villager (Male) |
| 2:00 | Create | Villager (Male) |
| 2:15 | Build | Lumber Camp |
| 2:36 | Create | Villager (Male) |
| 2:36 | Create | Villager (Male) |
| 2:36 | Create | Villager (Male) |
| 2:59 | Create | Villager (Male) |
| 2:59 | Create | Villager (Male) |
| 2:59 | Create | Villager (Male) |
| 3:15 | Build | House |
| 3:22 | Create | Villager (Male) |
| 3:23 | Create | Villager (Male) |
| 4:20 | Create | Villager (Male) |
| 4:58 | Build | Mining Camp |
| 5:05 | Create | Villager (Male) |
| 5:08 | Create | Villager (Male) |
| 5:11 | Research | Loom |
| 6:29 | Research | Feudal Age |
| 7:04 | Build | Barracks |
| 7:43 | Build | House |
| 8:39 | Age | Feudal Age |
| 8:44 | Build | Archery Range |
| 8:48 | Create | Villager (Male) |
| 8:51 | Build | Archery Range |
| 8:57 | Create | Villager (Male) |
| 9:50 | Create | Villager (Male) |
| 9:51 | Create | Archer |
| 9:51 | Create | Archer |
| 10:01 | Build | Mill |
| 10:11 | Create | Villager (Male) |
| 10:17 | Create | Archer |
| 10:17 | Create | Archer |
| 10:33 | Build | House |
| 10:37 | Build | House |
| 10:53 | Build | Blacksmith |
| 11:10 | Create | Archer |
| 11:10 | Create | Archer |
| 11:12 | Create | Villager (Male) |
| 11:17 | Build | House |
| 11:36 | Research | Fletching |
| 11:36 | Research | Fletching |
| 11:59 | Create | Villager (Male) |
| 12:07 | Create | Archer |
| 12:07 | Create | Archer |
| 12:07 | Create | Archer |
| 12:32 | Create | Archer |
| 12:33 | Create | Archer |
| 12:33 | Create | Archer |
| 12:41 | Build | Farm |
| 12:43 | Build | Farm |
| 13:05 | Create | Archer |
| 13:05 | Create | Archer |
| 13:06 | Create | Villager (Male) |
| 13:51 | Create | Archer |
| 13:51 | Create | Archer |
| 13:52 | Create | Villager (Male) |
| 13:56 | Build | House |
| 13:58 | Build | House |
| 14:05 | Research | Gold Mining |
| 14:44 | Create | Archer |
| 14:45 | Create | Archer |
| 14:45 | Create | Villager (Male) |
| 14:51 | Build | Mill |
| 14:53 | Build | House |
| 15:08 | Create | Archer |
| 15:09 | Create | Archer |
| 15:09 | Create | Villager (Male) |
| 15:48 | Create | Villager (Male) |
| 15:50 | Create | Archer |
| 15:50 | Create | Archer |
| 15:54 | Build | Farm |
| 15:54 | Build | Farm |
| 16:00 | Research | Double-Bit Axe |
| 16:00 | Research | Double-Bit Axe |
| 16:00 | Research | Double-Bit Axe |
| 16:02 | Build | House |
| 16:50 | Create | Archer |
| 16:50 | Create | Archer |
| 16:51 | Create | Archer |
| 16:51 | Create | Villager (Male) |
| 17:10 | Create | Archer |
| 17:10 | Create | Archer |
| 17:11 | Create | Villager (Male) |
| 17:14 | Build | Farm |
| 17:28 | Create | Villager (Male) |
| 17:31 | Build | Farm |
| 18:09 | Create | Archer |
| 18:09 | Create | Archer |
| 18:10 | Create | Villager (Male) |
| 18:10 | Create | Villager (Male) |
| 18:31 | Create | Archer |
| 18:31 | Create | Villager (Male) |
| 18:34 | Build | Farm |
| 18:34 | Build | Farm |
| 18:56 | Build | Farm |
| 18:58 | Create | Villager (Male) |
| 19:00 | Build | Palisade Wall |
| 19:06 | Create | Villager (Male) |
| 19:07 | Create | Archer |
| 19:08 | Create | Archer |
| 20:06 | Build | House |
| 20:07 | Build | House |
| 20:17 | Build | House |
| 20:24 | Build | Lumber Camp |
| 20:26 | Create | Villager (Male) |
| 20:31 | Create | Archer |
| 20:31 | Create | Archer |
| 20:32 | Create | Villager (Male) |
| 20:43 | Build | Palisade Wall |
| 20:50 | Build | Palisade Wall |
| 20:53 | Build | House |
| 21:03 | Create | Villager (Male) |
| 21:22 | Create | Archer |
| 21:22 | Create | Archer |
| 21:31 | Build | Building 796 |
| 22:10 | Build | Palisade Wall |
| 22:16 | Build | House |
| 22:30 | Build | House |
| 22:31 | Research | Castle Age |
| 22:31 | Research | Castle Age |
| 22:37 | Build | Lumber Camp |
| 22:51 | Create | Archer |
| 22:51 | Create | Archer |
| 23:17 | Create | Archer |
| 23:18 | Create | Archer |
| 23:26 | Build | Farm |
| 23:35 | Research | Padded Archer Armor |
| 24:15 | Build | Stable |
| 24:24 | Build | Mining Camp |
| 24:32 | Create | Villager (Male) |
| 24:32 | Create | Villager (Male) |
| 25:11 | Age | Castle Age |
| 25:12 | Research | Crossbowman (upgrade) |
| 25:12 | Research | Crossbowman (upgrade) |
| 25:13 | Research | Crossbowman (upgrade) |
| 25:16 | Research | Bodkin Arrow |
| 25:32 | Build | University |
| 25:43 | Research | Stone Mining |
| 25:44 | Research | Bow Saw |
| 25:46 | Create | Villager (Male) |
| 26:06 | Create | Archer |
Build order — MinatoAOE
First 150 of 286 actions detected
| 0:01 | Create | Villager (Male) ×4 |
| 0:02 | Create | Villager (Male) ×4 |
| 0:03 | Build | House |
| 0:09 | Build | House |
| 0:33 | Build | House |
| 1:28 | Create | Villager (Male) |
| 1:28 | Create | Villager (Male) |
| 1:51 | Build | Lumber Camp |
| 2:07 | Create | Villager (Male) |
| 2:07 | Create | Villager (Male) |
| 2:42 | Create | Villager (Male) |
| 2:43 | Create | Villager (Male) |
| 3:05 | Create | Villager (Male) |
| 3:06 | Create | Villager (Male) |
| 3:44 | Create | Villager (Male) |
| 3:44 | Create | Villager (Male) |
| 3:58 | Create | Villager (Male) |
| 3:58 | Create | Villager (Male) |
| 4:28 | Build | Mill |
| 4:34 | Create | Villager (Male) |
| 4:35 | Create | Villager (Male) |
| 4:59 | Create | Villager (Male) |
| 4:59 | Create | Villager (Male) |
| 5:20 | Build | Mill |
| 5:28 | Create | Villager (Male) |
| 5:28 | Create | Villager (Male) |
| 5:40 | Create | Villager (Male) |
| 5:40 | Create | Villager (Male) |
| 5:46 | Build | House |
| 6:17 | Create | Villager (Male) |
| 6:32 | Create | Villager (Male) |
| 6:50 | Create | Villager (Male) |
| 6:54 | Build | Farm |
| 7:08 | Create | Villager (Male) |
| 7:35 | Create | Villager (Male) |
| 7:51 | Create | Villager (Male) |
| 8:06 | Build | Farm |
| 8:09 | Build | Farm |
| 8:11 | Create | Villager (Male) |
| 8:30 | Build | Farm |
| 8:45 | Create | Villager (Male) |
| 8:55 | Research | Loom |
| 9:27 | Build | Mining Camp |
| 9:33 | Research | Feudal Age |
| 10:40 | Build | Farm |
| 11:22 | Build | House |
| 11:38 | Create | Villager (Male) |
| 11:38 | Create | Villager (Male) |
| 11:48 | Age | Feudal Age |
| 11:52 | Build | Blacksmith |
| 12:16 | Build | Farm |
| 12:31 | Build | Market |
| 12:51 | Create | Villager (Male) |
| 13:32 | Build | Farm |
| 13:34 | Build | Farm |
| 13:38 | Research | Castle Age |
| 13:38 | Research | Castle Age |
| 14:10 | Build | House |
| 14:17 | Build | Palisade Wall |
| 14:19 | Build | Palisade Wall |
| 14:45 | Research | Double-Bit Axe |
| 14:45 | Research | Double-Bit Axe |
| 14:56 | Build | Barracks |
| 15:00 | Build | Palisade Wall |
| 15:01 | Build | Palisade Wall |
| 16:13 | Create | Villager (Male) |
| 16:14 | Create | Villager (Male) |
| 16:18 | Age | Castle Age |
| 16:20 | Build | Town Center |
| 16:28 | Create | Villager (Male) |
| 16:58 | Build | Farm |
| 17:23 | Create | Villager (Male) |
| 17:49 | Build | Town Center |
| 17:59 | Create | Villager (Male) |
| 18:00 | Create | Villager (Male) |
| 18:28 | Build | Farm |
| 18:35 | Create | Villager (Male) |
| 19:20 | Build | Stable |
| 19:26 | Build | Palisade Wall |
| 19:29 | Research | Gold Mining |
| 19:31 | Create | Villager (Male) |
| 19:39 | Research | Bow Saw |
| 19:39 | Research | Bow Saw |
| 19:53 | Research | Horse Collar |
| 19:54 | Research | Horse Collar |
| 20:03 | Build | Farm |
| 20:07 | Build | Farm |
| 20:24 | Build | Stable |
| 20:34 | Build | Palisade Wall |
| 20:43 | Build | Farm |
| 20:43 | Build | Farm |
| 20:46 | Create | Villager (Male) |
| 20:48 | Create | Villager (Male) |
| 20:48 | Create | Villager (Male) |
| 20:58 | Build | Farm |
| 21:04 | Build | Farm |
| 21:22 | Build | Siege Workshop |
| 21:24 | Create | Villager (Male) |
| 21:38 | Build | House |
| 21:42 | Build | House |
| 21:45 | Build | Farm |
| 21:47 | Build | Farm |
| 21:50 | Build | House |
| 21:54 | Build | House |
| 21:57 | Build | House |
| 22:02 | Create | Scorpion |
| 22:02 | Create | Scorpion |
| 22:09 | Create | Knight |
| 22:09 | Create | Knight |
| 22:10 | Create | Knight |
| 22:26 | Create | Knight |
| 22:27 | Create | Knight |
| 22:33 | Build | House |
| 22:54 | Build | Mining Camp |
| 22:59 | Create | Scorpion |
| 22:59 | Create | Scorpion |
| 23:05 | Create | Villager (Male) |
| 23:06 | Create | Villager (Male) |
| 23:10 | Build | Farm |
| 23:12 | Build | Farm |
| 23:28 | Build | Farm |
| 23:29 | Build | Farm |
| 23:32 | Build | Farm |
| 23:32 | Build | Farm |
| 23:39 | Build | Farm |
| 23:40 | Create | Villager (Male) |
| 23:40 | Create | Villager (Male) |
| 24:11 | Create | Scorpion |
| 24:11 | Create | Scorpion |
| 24:13 | Create | Villager (Male) |
| 24:13 | Create | Villager (Male) |
| 24:13 | Create | Villager (Male) |
| 24:33 | Create | Villager (Male) |
| 24:33 | Create | Villager (Male) |
| 24:34 | Create | Villager (Male) |
| 24:40 | Build | House |
| 24:41 | Build | House |
| 24:42 | Create | Villager (Male) |
| 24:42 | Create | Villager (Male) |
| 24:46 | Create | Villager (Male) |
| 24:48 | Build | Farm |
| 24:52 | Build | Farm |
| 24:59 | Create | Scorpion |
| 24:59 | Create | Scorpion |
| 25:03 | Create | Knight |
| 25:03 | Create | Knight |
| 25:18 | Build | Farm |
| 25:21 | Create | Villager (Male) |
| 25:21 | Create | Villager (Male) |
| 25:30 | Create | Villager (Male) |
Match timeline
| 7:04 | 温柔的野猪 · first_building Barracks |
| 7:16 | chenst2020 · first_building Barracks |
| 7:47 | Malamadre · first_building Barracks |
| 7:57 | HB | Cristian · wall_segment Palisade Wall x1 |
| 8:17 | HB | EstebanAOE · first_building Barracks |
| 8:29 | HB | EstebanAOE · wall_segment Palisade Wall x1 |
| 8:39 | 温柔的野猪 · age_up feudal |
| 8:40 | chenst2020 · wall_segment Palisade Wall x1 |
| 8:44 | 温柔的野猪 · first_building Archery Range |
| 8:45 | chenst2020 · wall_segment Palisade Wall x3 |
| 8:46 | Leo713 · first_building Barracks |
| 8:46 | HB | Cristian · first_building Barracks |
| 9:04 | HB | EstebanAOE · wall_segment Palisade Wall x6 |
| 9:12 | chenst2020 · wall_segment Palisade Wall x1 |
| 9:20 | chenst2020 · wall_segment Palisade Wall x1 |
| 9:29 | HB | Cristian · age_up feudal |
| 9:38 | HB | EstebanAOE · wall_segment Palisade Wall x5 |
| 9:46 | HB | Cristian · first_building Archery Range |
| 9:54 | chenst2020 · wall_segment Palisade Wall x5 |
| 9:56 | HB | EstebanAOE · age_up feudal |
| 9:57 | chenst2020 · wall_segment Palisade Wall x1 |
| 10:01 | Leo713 · age_up feudal |
| 10:01 | chenst2020 · wall_segment Palisade Wall x4 |
| 10:03 | Leo713 · first_building Stable |
| 10:03 | chenst2020 · age_up feudal |
| 10:05 | HB | EstebanAOE · first_building Archery Range |
| 10:09 | chenst2020 · wall_segment Palisade Wall x2 |
| 10:11 | Malamadre · age_up feudal |
| 10:14 | HB | EstebanAOE · wall_segment Palisade Wall x1 |
| 10:14 | HB | EstebanAOE · wall_segment Palisade Wall x1 |
| 10:17 | Malamadre · first_building Archery Range |
| 10:17 | HB | Cristian · wall_segment Palisade Wall x1 |
| 10:18 | chenst2020 · first_building Stable |
| 10:21 | HB | Cristian · wall_segment Palisade Wall x1 |
| 10:32 | HB | Cristian · wall_segment Palisade Wall x1 |
| 10:33 | HB | Cristian · wall_segment Palisade Wall x1 |
| 10:37 | HB | Cristian · wall_segment Palisade Wall x1 |
| 10:38 | HB | Cristian · wall_segment Palisade Wall x1 |
| 10:51 | Nauta · age_up feudal |
| 10:52 | Malamadre · wall_segment Palisade Wall x8 |
| 10:54 | Nauta · first_building Barracks |
| 11:07 | HB | EstebanAOE · wall_segment Palisade Wall x10 |
| 11:12 | HB | EstebanAOE · wall_segment Palisade Wall x9 |
| 11:35 | chenst2020 · wall_segment Palisade Wall x1 |
| 11:41 | HB | EstebanAOE · wall_segment Palisade Wall x7 |
| 11:47 | Nauta · first_building Stable |
| 11:48 | MinatoAOE · age_up feudal |
| 12:33 | HB | Cristian · wall_segment Palisade Wall x1 |
| 12:35 | HB | Cristian · wall_segment Palisade Wall x1 |
| 12:41 | HB | Cristian · wall_segment Palisade Wall x1 |
| 12:43 | HB | Cristian · wall_segment Palisade Wall x1 |
| 12:44 | HB | Cristian · wall_segment Palisade Wall x3 |
| 13:04 | HB | Cristian · wall_segment Palisade Wall x1 |
| 13:05 | HB | Cristian · wall_segment Palisade Wall x1 |
| 13:05 | HB | EstebanAOE · wall_segment Palisade Wall x1 |
| 13:14 | HB | EstebanAOE · wall_segment Palisade Wall x3 |
| 13:30 | HB | Cristian · wall_segment Palisade Wall x1 |
| 13:46 | Nauta · wall_segment Palisade Wall x6 |
| 13:54 | HB | Cristian · wall_segment Palisade Wall x1 |
| 14:17 | MinatoAOE · wall_segment Palisade Wall x4 |
| 14:18 | HB | Cristian · wall_segment Palisade Wall x1 |
| 14:19 | HB | Cristian · wall_segment Palisade Wall x1 |
| 14:19 | MinatoAOE · wall_segment Palisade Wall x2 |
| 14:21 | HB | Cristian · wall_segment Palisade Wall x1 |
| 14:56 | MinatoAOE · first_building Barracks |
| 15:00 | MinatoAOE · wall_segment Palisade Wall x1 |
| 15:01 | MinatoAOE · wall_segment Palisade Wall x1 |
| 15:06 | HB | Cristian · wall_segment Palisade Wall x1 |
| 15:08 | HB | Cristian · wall_segment Palisade Wall x1 |
| 15:10 | HB | Cristian · wall_segment Palisade Wall x1 |
| 15:11 | HB | Cristian · wall_segment Palisade Wall x1 |
| 15:30 | HB | EstebanAOE · wall_segment Palisade Wall x1 |
| 15:46 | HB | Cristian · wall_segment Palisade Wall x1 |
| 16:07 | Nauta · age_up castle |
| 16:18 | MinatoAOE · age_up castle |
| 16:31 | HB | EstebanAOE · wall_segment Palisade Wall x6 |
| 16:43 | HB | Cristian · wall_segment Palisade Wall x1 |
| 17:07 | MinatoAOE · first_market_sell 100 food |
| 17:08 | MinatoAOE · first_market_buy 100 wood |
| 17:12 | HB | Cristian · wall_segment Palisade Wall x1 |
| 19:00 | 温柔的野猪 · wall_segment Palisade Wall x1 |
| 19:20 | MinatoAOE · first_building Stable |
| 19:26 | MinatoAOE · wall_segment Palisade Wall x1 |
| 20:21 | Leo713 · first_market_sell 100 wood |
| 20:34 | MinatoAOE · wall_segment Palisade Wall x1 |
| 20:43 | 温柔的野猪 · wall_segment Palisade Wall x4 |
| 20:44 | Leo713 · first_market_buy 100 food |
| 20:50 | 温柔的野猪 · wall_segment Palisade Wall x8 |
| 20:53 | Leo713 · wall_segment Palisade Wall x8 |
| 20:56 | Leo713 · wall_segment Palisade Wall x3 |
| 21:12 | Malamadre · age_up castle |
| 21:22 | MinatoAOE · first_building Siege Workshop |
| 21:42 | HB | EstebanAOE · first_market_buy 100 food |
| 22:10 | 温柔的野猪 · wall_segment Palisade Wall x1 |
| 23:20 | chenst2020 · age_up castle |
| 23:44 | HB | Cristian · first_market_buy 100 food |
| 23:47 | Malamadre · first_building Monastery |
| 23:51 | HB | EstebanAOE · wall_segment Palisade Wall x1 |
| 23:52 | Leo713 · age_up castle |
| 24:07 | HB | Cristian · wall_segment Palisade Wall x1 |
| 24:12 | Nauta · wall_segment Palisade Wall x1 |
| 24:15 | 温柔的野猪 · first_building Stable |
| 24:25 | HB | Cristian · wall_segment Palisade Wall x1 |
| 24:31 | Nauta · first_market_sell 100 wood |
| 24:33 | Nauta · first_market_buy 100 stone |
| 24:49 | HB | EstebanAOE · wall_segment Palisade Wall x1 |
| 25:08 | HB | EstebanAOE · wall_segment Palisade Wall x1 |
| 25:11 | 温柔的野猪 · age_up castle |
| 25:20 | Nauta · first_building Siege Workshop |
| 25:41 | HB | EstebanAOE · wall_segment Palisade Wall x1 |
| 25:51 | Leo713 · first_building Monastery |
| 25:54 | HB | Cristian · age_up castle |
| 26:33 | HB | Cristian · wall_segment Palisade Wall x1 |
| 26:38 | HB | Cristian · wall_segment Palisade Wall x1 |
| 26:41 | HB | Cristian · wall_segment Palisade Wall x1 |
| 26:49 | HB | Cristian · wall_segment Palisade Wall x1 |
| 27:15 | HB | Cristian · first_market_sell 100 food |
| 27:15 | MinatoAOE · wall_segment Palisade Wall x1 |
| 27:28 | 温柔的野猪 · first_building Monastery |
| 27:32 | HB | Cristian · first_building Siege Workshop |
| 27:54 | HB | EstebanAOE · wall_segment Palisade Wall x1 |
| 27:56 | HB | EstebanAOE · wall_segment Palisade Wall x1 |
| 27:57 | HB | EstebanAOE · wall_segment Palisade Wall x1 |
| 28:22 | HB | Cristian · wall_segment Palisade Wall x1 |
| 28:54 | HB | Cristian · wall_segment Palisade Wall x1 |
| 29:14 | HB | EstebanAOE · wall_segment Palisade Wall x1 |
| 29:16 | HB | EstebanAOE · wall_segment Palisade Wall x1 |
| 29:18 | HB | EstebanAOE · wall_segment Palisade Wall x1 |
| 29:20 | HB | EstebanAOE · wall_segment Palisade Wall x1 |
| 30:08 | HB | EstebanAOE · age_up castle |
| 30:31 | HB | Cristian · first_building Monastery |
| 30:35 | 温柔的野猪 · first_building Castle |
| 30:56 | HB | EstebanAOE · first_market_sell 100 food |
| 31:25 | HB | EstebanAOE · wall_segment Palisade Wall x1 |
| 31:34 | HB | EstebanAOE · wall_segment Palisade Wall x1 |
| 31:36 | HB | EstebanAOE · wall_segment Palisade Wall x1 |
| 32:22 | HB | EstebanAOE · wall_segment Palisade Wall x1 |
| 32:24 | HB | EstebanAOE · wall_segment Palisade Wall x1 |
| 32:30 | HB | EstebanAOE · wall_segment Palisade Wall x1 |
| 33:59 | chenst2020 · first_building Siege Workshop |
| 34:22 | chenst2020 · first_building Monastery |
| 34:32 | Malamadre · first_building Castle |
| 34:40 | MinatoAOE · wall_segment Palisade Wall x1 |
| 36:45 | Malamadre · age_up imperial |
| 37:02 | HB | EstebanAOE · resign |
[ AI ANALYSIS · 1 CREDIT ]
What really happened in this match?
Wolo.gg analyzes every decision: build order, eco, micro, common mistakes by bracket. Personalized analysis on WhatsApp or Discord in 30 seconds.
Civ guide
Malay
Perfil
Jugador #2309362